 Dungeon Crawl Stone Soup version 0.30-a0-335-ge5acde7520 (webtiles) character file.

Game seed: 17440984711019658893

162 billz999 the Changer (level 5, -4/35 HPs)
             Began as a Vampire Earth Elementalist on Oct 31, 2022.
             Slain by a gnoll
             ... wielding a +0 flail
             ... led by a gnoll bouda
              (9 damage)
             ... on level 4 of the Dungeon.
             The game lasted 00:05:47 (3088 turns).

billz999 the Changer (Vampire Earth Elementalist)   Turns: 3088, Time: 00:05:48

Health: -4/35      AC:  2    Str:  7    XL:     5   Next: 19%
Magic:  6/8        EV: 12    Int: 20    God:
Gold:   82         SH:  0    Dex: 14    Spells: 0/8 levels left

rFire   . . .      SeeInvis +    k - +0 dagger (venom)
rCold   . . .      Faith    .    (no shield)
rNeg    . . .      Spirit   .    a - +0 robe
rPois   .          Reflect  .    (no helmet)
rElec   .          Harm     .    (no cloak)
rCorr   .          Rampage  .    (no gloves)
Will    .....                    (no boots)
Stlth   +++.......               (no amulet)
HPRegen 0.45/turn                (no ring)
MPRegen 0.11/turn                (no ring)

@: healing quickly
A: alive, fangs 3, see invisible, vampiric 2, camouflage 1, sense surroundings 1
a: Exsanguinate


You were on level 4 of the Dungeon.
You visited 1 branch of the dungeon, and saw 4 of its levels.

You collected 82 gold pieces.

Inventory:

Hand Weapons
 c - a +2 whip of holy wrath
 g - a +0 dagger
 k - a +0 dagger of venom (weapon)
Armour
 a - a +0 robe (worn)
 d - a +0 cloak
 i - a +0 ring mail of poison resistance
Magical Staves
 n - a staff of conjuration
 q - a staff of death
Wands
 s - a wand of flame (3)
Scrolls
 j - a scroll of noise {unknown}
 m - 2 scrolls of fear {unknown}
 o - a scroll of amnesia {unknown}
 p - a scroll of acquirement {unknown}
 r - a scroll of butterflies {unknown}
 t - a scroll of teleportation {unknown}
Potions
 b - 2 potions of resistance {unknown}
 e - a potion of berserk rage {unknown}
 f - a potion of mutation
 h - 2 potions of flight {unknown}
 l - 2 potions of curing {unknown}


   Skills:
 - Level 2.3 Dodging
 - Level 3.0 Stealth
 + Level 2.3 Spellcasting
 * Level 5.0 Transmutations
 + Level 3.4 Earth Magic


You couldn't memorise any spells.
You knew the following spells:

 Your Spells              Type           Power      Damage    Failure   Level
a - Sandblast             Erth           30%        2d9       3%          1
b - Petrify               Tmut/Erth      19%        N/A       26%         4
c - Stone Arrow           Conj/Erth      18%        3d8       22%         3

Your spell library contained the following spells:

 Spells                   Type           Power      Damage    Failure   Level
 Passwall                 Tmut/Erth      15%        N/A       4%          2
 Apportation              Tloc           4%         N/A       16%         1
 Necrotise                Necr           8%         1d4       16%         1
 Summon Small Mammal      Summ           8%         N/A       16%         1
 Ignite Poison            Fire/Tmut/Pois 9%         N/A       22%         3
 Sticky Flame             Conj/Fire      2%         2d3       83%         4
 Ignition                 Fire           1%         3d3       100%        8


Dungeon Overview and Level Annotations

Branches:
Dungeon (4/15)
 Temple: D:4-7

Altars:


Innate Abilities, Weirdness & Mutations

Your natural rate of healing is accelerated.
You have razor-sharp teeth.
You have supernaturally acute eyesight. (SInv)
You are afflicted with vampirism and can become a bat while bloodless.
Your skin changes colour to match your surroundings (Stealth+).
You passively map a small area around you.


Message History

The gnoll misses you.
Casting: Sandblast (safe; 4% risk of failure)
Confirm with . or Enter, or press ? or * to list all spells.
Aiming: Sandblast (safe; 4% risk of failure)
Press: ? - help, Shift-Dir - straight line, f/p - gnoll
Aim: a gnoll, wielding a +0 spear (almost dead, covering ground quickly, 84% to hit)
The blast of sand hits the gnoll.
You kill the gnoll!
Unknown command.
The gnoll attacks as you move away! The gnoll hits you with a +0 flail!
You closely miss the gnoll. The gnoll barely misses you.
The gnoll attacks as you move away! The gnoll hits you with a +0 flail.
The gnoll attacks as you move away! The gnoll barely misses you.
You hit the gnoll.
The gnoll is poisoned.
The gnoll is lightly wounded.
The gnoll hits you with a +0 club.
Your magical contamination has completely faded away.
The gnoll hits you but does no damage.
You hit the gnoll.
The gnoll looks as sick as possible!
The gnoll is heavily wounded.
A hobgoblin comes into view.
The gnoll attacks as you move away! The gnoll completely misses you.
The gnoll attacks as you move away! The gnoll closely misses you.
The gnoll attacks as you move away! The gnoll closely misses you.
You kill the gnoll!
The hobgoblin closely misses you.
Your Transmutations skill increases to level 5!
You closely miss the hobgoblin.
The hobgoblin hits you but does no damage.
You hit the gnoll but do no damage.
The gnoll is poisoned.
The gnoll hits you with a +0 flail! The hobgoblin barely misses you.
The gnoll attacks as you move away! The gnoll hits you with a +0 flail.
The gnoll misses you. The gnoll attacks as you move away!
The gnoll hits you with a +0 flail!
* * * LOW HITPOINT WARNING * * *
It was a potion of mutation.
You feel extremely strange.
You feel a strange attunement to the structure of the dungeons.
Your skin functions as natural camouflage.
The gnoll is no longer moving quickly.
The gnoll hits you with a +0 flail!
You die...

###.........# #$....#
#(...)....###.....# ,
#..........##.....##
#..........##....?.##
#..........##........,
#............gg.g.g..
#.)....g..###.g.g.$.#
#......gg.#.)..######
######@##.#g##.#
#.#.)#.# ..#
#.#.##.##..#
#.#..g..#... , *
#.#######.... , ,..# *
##... ### , * *,


You could see a gnoll bouda, a gnoll (very poisoned) and a hobgoblin.

Vanquished Creatures
  Ijyb (D:4)
  2 gnolls (D:4)
  4 adders
  A dart slug (D:2)
  8 orcs (D:3)
  4 endoplasms
  2 giant cockroaches
  5 goblins
  8 hobgoblins
  6 jackals
  7 ball pythons
  4 bats
  3 frilled lizards
  8 kobolds
  6 rats
69 creatures vanquished.

Notes
Turn   | Place    | Note
-------+----------+-------------------------------------------
     0 | D:1      | billz999 the Vampire Earth Elementalist began the quest for
                  | the Orb.
     0 | D:1      | Reached XP level 1. HP: 13/13 MP: 3/3
   103 | D:1      | Found a faded altar of an unknown god.
   271 | D:1      | Reached skill level 2 in Transmutations
   271 | D:1      | Reached XP level 2. HP: 10/19 MP: 0/5
  1451 | D:2      | Reached skill level 3 in Transmutations
  1451 | D:2      | Gained mutation: You are afflicted with vampirism and can
                  | become a bat while bloodless. [Vampire growth]
  1451 | D:2      | Reached XP level 3. HP: 24/24 MP: 2/6
  1884 | D:2      | Reached skill level 4 in Transmutations
  2016 | D:2      | Reached XP level 4. HP: 28/30 MP: 7/7
  2315 | D:3      | Learned a level 4 spell: Petrify
  2935 | D:4      | Noticed Ijyb
  2941 | D:4      | Killed Ijyb
  2942 | D:4      | Reached XP level 5. HP: 24/35 MP: 4/8
  3041 | D:4      | Learned a level 3 spell: Stone Arrow
  3084 | D:4      | Reached skill level 5 in Transmutations
  3088 | D:4      | Gained mutation: You passively map a small area around you.
                  | [potion of mutation]
  3088 | D:4      | Gained mutation: Your skin changes colour to match your
                  | surroundings (Stealth+). [potion of mutation]
  3088 | D:4      | Slain by a gnoll

Illustrated notes

Levels and vault maps discovered:
D:1:      wheals_arrival_linesprint, layout_loops_ring,
          ebering_ecumenical_altar_webs, chequers_serial_rivers_large_a,
          minmay_misc_feat_diagonals, corexii_leaking_fountain,
          hangedman_decor_lopped
D:2:      layout_loops_corners
D:3:      layout_basic, grunt_ministairs_6
D:4:      layout_basic, minmay_hollow_rounded_squares, uniq_ijyb

Skill      XL: |  1  2  3  4  5 |
---------------+----------------+-----
Transmutations | 2 3 4 5 |  5.0
Dodging        | |  2.3
Stealth        | |  3.0
Spellcasting   | |  2.3
Earth Magic    | |  3.4

Action                   |  1- 3 |  4- 6 || total
-------------------------+-------+-------++-------
Melee: Unarmed           |    31 |       ||    31
       Bite              |     6 |     2 ||     8
       Dagger            |     5 |    34 ||    39
 Cast: Sandblast         |    52 |    26 ||    78
  Use: Potion            |     1 |     1 ||     2
 Stab: Sleeping          |       |     5 ||     5
Armor: Robe              |     6 |     9 ||    15
Dodge: Dodged            |    35 |    26 ||    61

Table legend: (Time is in decaauts)
 A = Elapsed time spent in this place.
 B = Non-inter-level travel time spent in this place.
 C = Inter-level travel time spent in this place.
 D = Time resting spent in this place.
 E = Time spent auto-exploring this place.
 F = Levels seen in this place.
 G = Mean time per level.
                   A        B        C        D        E       F      G
               +--------+--------+--------+--------+--------+-----+--------+
         Total |   3140 |   2963 |    177 |     19 |   2530 |   4 |  785.0 |
       Dungeon |   3140 |   2963 |    177 |     19 |   2530 |   4 |  785.0 |
               +--------+--------+--------+--------+--------+-----+--------+

Top non-repeatable levels by time:
     D:1: 1230 daAuts
     D:2: 1021 daAuts
     D:3: 731 daAuts
     D:4: 155 daAuts
